 Dungeon Crawl Stone Soup version 0.23.2-30-g0e89c35649 (webtiles) character file.

Game seed: 18292798156170288412

79 Folque the Digger (level 4, 0/36 HPs)
             Began as a Draconian Earth Elementalist on June 21, 2019.
             Killed by divine providence
             ... invoked by an orc priest
              (11 damage)
             ... on level 3 of the Dungeon.
             The game lasted 00:09:34 (1891 turns).

Folque the Digger (Draconian Earth Elementalist)    Turns: 1891, Time: 00:09:34

Health: 0/36       AC:  7    Str: 10    XL:     4   Next: 17%
Magic:  0/8        EV: 12    Int: 16    God:
Gold:   96         SH:  0    Dex: 12    Spells: 2/8 levels left

rFire    . . .     SeeInvis .   h - +0 short sword
rCold    . . .     Gourm    .   (no shield)
rNeg     . . .     Faith    .   (armour unavailable)
rPois    .         Spirit   .   (helmet restricted)
rElec    .         Reflect  .   (no cloak)
rCorr    .         Harm     .   e - +1 pair of gloves
MR       .....                  (no boots)
Stlth    ++........             (no amulet)
HPRegen  0.12/turn              (no ring)
MPRegen  0.11/turn              (no ring)

@: very slightly contaminated
A: unfitting armour, cold-blooded, AC +5
a: no special abilities


You were on level 3 of the Dungeon.
You were not hungry.

You visited 1 branch of the dungeon, and saw 3 of its levels.

You collected 96 gold pieces.

Inventory:

Hand Weapons
 h - a +0 short sword (weapon)
Missiles
 b - 45 stones (quivered)
Armour
 e - a +1 pair of gloves (worn)
Jewellery
 j - a cursed amulet of inaccuracy {unknown}
 m - an uncursed amulet of the acrobat {unknown}
Scrolls
 a - 2 scrolls of random uselessness
 i - a scroll of fog {unknown}
 k - 2 scrolls of enchant armour
Potions
 f - a potion of ambrosia {unknown}
 g - 2 potions of curing {unknown}
 l - a potion of resistance {unknown}
Comestibles
 c - 3 rations


   Skills:
 - Level 2.0 Fighting
 - Level 1.7 Dodging
 - Level 1.7 Stealth
 + Level 2.7 Spellcasting
 * Level 1.3 Conjurations
 - Level 1.0 Transmutations
 + Level 3.6 Earth Magic


You had 2 spell levels left.
You knew the following spells:

 Your Spells              Type           Power        Failure   Level  Hunger
a - Sandblast             Erth           ##....       4%          1    #......
b - Passwall              Tmut/Erth      #.......     11%         2    ##.....
c - Stone Arrow           Conj/Erth      ##....       21%         3    ###....

Your spell library contained the following spells:

 Spells                   Type           Power        Failure   Level  Hunger
 Petrify                  Tmut/Erth      #.......     58%         4    #####..
 Lee's Rapid Deconstruct  Erth           ##........   77%         5    ######.


Dungeon Overview and Level Annotations

Branches:
Dungeon (3/15)

Altars:
Fedhas
The Shining One


Innate Abilities, Weirdness & Mutations

Your plain brown scales are hard. (AC +5)
You cannot fit into any form of body armour.
You are cold-blooded and may be slowed by cold attacks.


Message History

The orc priest is heavily wounded.
b - 45 stones The orc priest hits you with a +0 mace.
You hit the orc priest.
The orc priest is severely wounded.
The orc priest barely misses you.
You hit the orc priest but do no damage.
The orc priest is severely wounded.
The orc priest barely misses you.
You closely miss the orc priest.
The orc priest is severely wounded.
The orc priest hits you with a +0 mace.
You hit the orc priest.
The orc priest is almost dead.
The orc priest begins to cast a cantrip, but forgets the words!
You closely miss the orc priest.
The orc priest is almost dead.
The orc priest invokes the aid of Beogh against you.
Beogh smites you!
You die... #.# #.# #.. .# #.# #.# ob#

#.# #g# #.# #o# #.## #@#
#..#
###+##.#############..#
...........#...........#
.......##..#.########...
....... #..#.# #.##
.[..... #....# #...
....... #....# ######.
....... ###..# #.....<
....... ...# #.###.#


You could see an orc priest, an orc, a goblin and a bat.

Vanquished Creatures
  An adder (D:3)
  2 oozes
  A worm (D:2)
  A dart slug (D:1)
  3 leopard geckos (D:1)
  3 orcs (D:3)
  2 giant cockroaches
  4 goblins
  7 hobgoblins
  2 jackals (D:1)
  A ball python (D:1)
  9 bats
  A frilled lizard (D:2)
  7 kobolds
  5 rats
  A fungus (D:2)
50 creatures vanquished.

Notes
Turn   | Place    | Note
-------+----------+-------------------------------------------
     0 | D:1      | Folque the Draconian Earth Elementalist began the quest for
                  | the Orb.
     0 | D:1      | Reached XP level 1. HP: 14/14 MP: 3/3
    75 | D:1      | Reached skill level 1 in Fighting
   164 | D:1      | Reached XP level 2. HP: 10/23 MP: 3/5
   781 | D:1      | Reached XP level 3. HP: 26/29 MP: 4/6
   801 | D:1      | Learned a level 2 spell: Passwall
   805 | D:1      | Learned a level 3 spell: Stone Arrow
  1336 | D:2      | Found a blossoming altar of Fedhas.
  1568 | D:2      | Reached skill level 1 in Conjurations
  1793 | D:2      | Found a glowing golden altar of the Shining One.
  1869 | D:3      | Reached XP level 4. HP: 34/36 MP: 1/8
  1891 | D:3      | Killed from afar by an orc priest

Skill      XL: |  1  2  3 |
---------------+----------+-----
Fighting       | 1 2 |  2.0
Conjurations   | 1 |  1.3
Dodging        | |  1.7
Stealth        | |  1.7
Spellcasting   | |  2.7
Transmutations | |  1.0
Earth Magic    | |  3.6

Action                   |  1- 3 |  4- 6 || total
-------------------------+-------+-------++-------
Melee: Unarmed           |   137 |       ||   137
       Tailslap          |    18 |     2 ||    20
       Short sword       |    68 |    19 ||    87
 Cast: Sandblast         |    20 |     2 ||    22
       Stone Arrow       |     4 |     1 ||     5
  Use: Scroll            |     2 |       ||     2
 Stab: Sleeping          |     3 |       ||     3
  Eat: Chunk             |     4 |       ||     4
Armor: Skin              |    77 |     4 ||    81
Dodge: Dodged            |   157 |    11 ||   168
